 Dungeon Crawl Stone Soup version 0.32-a0-913-g739538afd8 (webtiles) character file.

Game seed: 4244475213335260219

50 tilp the Vexing (level 3, 0/26 HPs)
             Began as a Vampire Enchanter on Apr 9, 2024.
             Slain by Terence
             ... wielding a +0 trident
              (6 damage)
             ... on level 2 of the Dungeon.
             The game lasted 00:04:40 (1946 turns).

tilp the Vexing (Vampire Enchanter)                 Turns: 1946, Time: 00:04:40

Health: 0/26       AC:  2    Str:  7    XL:     3   Next: 55%
Magic:  1/6        EV: 11    Int: 25    God:
Gold:   81         SH:  0    Dex: 14    Spells: 1/6 levels left

rFire   . . .        a - +1 dagger
rCold   . . .        (no shield)
rNeg    + . .        h - +0 robe {rN+}
rPois   .            (no helmet)
rElec   .            (no cloak)
rCorr   .            (no gloves)
SInv    +            (no boots)
Will    .....        (no amulet)
Stlth   +++          j - +6 ring of intelligence
HPRegen 0.44/turn    (no ring)
MPRegen 0.10/turn

%: no passive effects
@: healing quickly, invisible
A: alive, fangs 3, see invisible, vampiric 2
a: Exsanguinate


You were on level 2 of the Dungeon.
You visited 1 branch of the dungeon, and saw 2 of its levels.

You collected 81 gold pieces.

Inventory:

Hand Weapons
 a - a +1 dagger (weapon)
 b - a +0 long sword
Armour
 h - a +0 robe of positive energy (worn)
Jewellery
 j - a +6 ring of intelligence (left hand)
Scrolls
 f - a scroll of noise {unknown}
 i - 2 scrolls of identify {unknown}
Potions
 c - a potion of invisibility
 d - a potion of degeneration {unknown}
 e - 2 potions of attraction {unknown}
 g - a potion of curing {unknown}


   Skills:
 * Level 1.1 Fighting
 + Level 1.4(1.7) Short Blades
 * Level 1.1(1.4) Long Blades
 + Level 2.5 Dodging
 + Level 4.7 Stealth
 + Level 2.3 Spellcasting
 * Level 4.9 Hexes


You had one spell level left.
You knew the following spells:

 Your Spells              Type           Power      Damage    Failure   Level
a - Ensorcelled Hibernat  Hex/Ice        30%        N/A       6%          2
b - Confusing Touch       Hex            27%        N/A       4%          3

Your spell library contained the following spells:

 Spells                   Type           Power      Damage    Failure   Level
 Sigil of Binding         Hex            27%        N/A       4%          3
 Tukima's Dance           Hex            27%        N/A       4%          3
 Dazzling Flash           Conj/Hex       30%        N/A       12%         3
 Mercury Vapours          Alch/Air       4%         N/A       17%         2
 Mephitic Cloud           Conj/Alch/Air  2%         N/A       32%         3
 Freezing Cloud           Conj/Ice/Air   1%         6-21      97%         5
 Death Channel            Necr           1%         N/A       100%        6
 Sculpt Simulacrum        Ice/Alch       1%         N/A       100%        6


Dungeon Overview and Level Annotations

Branches:
Dungeon (2/15)

Altars:
Xom

Shops:
D:2 :

Annotations:
D:2 Robin, Terence


Innate Abilities, Weirdness & Mutations

Your natural rate of healing is accelerated.
You have razor-sharp teeth.
You have supernaturally acute eyesight. (SInv)
You are afflicted with vampirism and can become a bat while bloodless.


Message History

b - a +0 long sword;
i - 2 scrolls labelled IROENE FE LIM
Aiming: Ensorcelled Hibernation (safe; 6% risk of failure)
Press: ? - help, Shift-Dir - straight line, f/p - Terence
Aim: Terence, wielding a +0 trident and wearing a +0 chain mail (chance to affect: 57%) Terence looks drowsy...
Unknown command.
The helpless Terence fails to defend himself.
You puncture Terence!
Terence is heavily wounded.
Terence hits you with a +0 trident.
Unknown command.
You aren't carrying any items that you can evoke.
Unknown command.
You fade into invisibility!
Terence misses you.
You hit Terence but do no damage.
Terence is heavily wounded.
Terence misses you.
You hit Terence but do no damage.
Terence is heavily wounded.
Terence misses you.
You barely miss Terence.
Terence is heavily wounded.
Terence hits you with a +0 trident.
You hit Terence but do no damage.
Terence is heavily wounded.
Terence hits you with a +0 trident.
* * * LOW HITPOINT WARNING * * *
You hit Terence but do no damage. You bite Terence, but do no damage.
Terence is heavily wounded.
Terence closely misses you.
You hit Terence but do no damage.
Terence is heavily wounded.
Terence hits you with a +0 trident.
* * * LOW HITPOINT WARNING * * *
You hit Terence.
Terence is severely wounded.
Terence hits you with a +0 trident.
You die...
Terence says, "That felt goooood."

#.........#####.######÷÷..#####..
#.......<...#...#............##..
#.....@.))........#####.###......
#....r............# ###.###..####
####'#####........# #...#....#
#.# #.'........# #.###.#.##
####'###g#........# #.#...#.#
......##.#........###.#.# #.### #
......'..#.....@@†....#.# #...# #
......####..............# ###.# #
......# #..........##.....##.# #
......# #...........#.###.##.###
......# #........#..#... ##....
......# ###########....########.
......# #.....g.hh.... ......#
#<...######### ......# ##.#.. .


You could see Terence (unable to see you).

Vanquished Creatures
  4 endoplasms
  11 goblins
  3 hobgoblins (D:1)
  6 jackals
  4 kobolds
  2 quokkas (D:1)
  2 ball pythons
  3 bats
  4 frilled lizards
  5 rats
44 creatures vanquished.

Notes
Turn   | Place    | Note
-------+----------+-------------------------------------------
     0 | D:1      | tilp the Vampire Enchanter began the quest for the Orb.
     0 | D:1      | Reached XP level 1. HP: 13/13 MP: 3/3
   291 | D:1      | Reached XP level 2. HP: 16/20 MP: 5/5
   294 | D:1      | Learned a level 2 spell: Ensorcelled Hibernation
   993 | D:2      | Found Xealuziehah's Book Boutique.
  1031 | D:2      | Found a shimmering altar of Xom.
  1156 | D:2      | Gained mutation: You are afflicted with vampirism and can
                  | become a bat while bloodless. [Vampire growth]
  1156 | D:2      | Reached XP level 3. HP: 21/25 MP: 3/6
  1468 | D:2      | Reached skill level 1 in Fighting
  1547 | D:2      | Reached skill level 1 in Long Blades
  1854 | D:2      | Noticed Terence
  1859 | D:2      | Noticed Robin
  1913 | D:1      | Learned a level 3 spell: Confusing Touch
  1946 | D:2      | Slain by Terence

Illustrated notes

Levels and vault maps discovered:
D:1:      wander_arrival_estate, layout_loops_corners
D:2:      layout_basic, basic_altar, serial_shops, shop, uniq_terence,
          uniq_robin

Skill      XL: |  1  2  3 |
---------------+----------+-----
Fighting       | 1 |  1.1
Long Blades    | 1 |  1.1
Short Blades   | |  1.4
Dodging        | |  2.5
Stealth        | |  4.7
Spellcasting   | |  2.3
Hexes          | |  4.9

Action                     || total
---------------------------++-------
  Melee: Dagger            ||   114
         Bite              ||    11
   Cast: Ensorcelled Hiber ||    25
    Use: Potion            ||     1
   Stab: Sleeping          ||    22
 Armour: Robe              ||    83
  Dodge: Dodged            ||    77

Table legend: (Time is in decaauts)
 A = Elapsed time spent in this place.
 B = Non-inter-level travel time spent in this place.
 C = Inter-level travel time spent in this place.
 D = Time resting spent in this place.
 E = Time spent auto-exploring this place.
 F = Levels seen in this place.
 G = Mean time per level.
                   A        B        C        D        E       F      G
               +--------+--------+--------+--------+--------+-----+--------+
         Total |   1943 |   1849 |     94 |    288 |    907 |   2 |  971.5 |
       Dungeon |   1943 |   1849 |     94 |    288 |    907 |   2 |  971.5 |
               +--------+--------+--------+--------+--------+-----+--------+

Top non-repeatable levels by time:
     D:1: 1182 daAuts
     D:2: 761 daAuts
